 Dungeon Crawl Stone Soup version 0.27.1 (webtiles) character file.

Game seed: 2053237588243768129

4 a11behringer the Shield-Bearer (level 1, 0/14 HPs)
             Began as a Gargoyle Fighter on Aug 27, 2021.
             Slain by a dart slug (2 damage)
             ... on level 1 of the Dungeon.
             The game lasted 00:00:55 (69 turns).

a11behringer the Shield-Bearer (Gargoyle Fighter)     Turns: 69, Time: 00:00:55

Health: 0/14       AC:  9    Str: 19    XL:     1   Next: 60%
Magic:  1/1        EV:  7    Int:  8    God:
Gold:   23         SH:  9    Dex:  9    Spells: 0/0 levels left

rFire    . . .     SeeInvis .   a - +0 flail
rCold    . . .     Faith    .   c - +0 kite shield
rNeg     + . .     Spirit   .   b - +0 scale mail
rPois    ∞         Reflect  .   (no helmet)
rElec    +         Harm     .   (no cloak)
rCorr    .         Rampage  .   (no gloves)
Will     .....                  (no boots)
Stlth    ..........             (no amulet)
HPRegen  0.04/turn              (no ring)
MPRegen  0.07/turn              (no ring)

@: no status effects
A: sickness immunity, AC +2, negative energy resistance 1, electricity
resistance, torment resistance 1, petrification resistance
a: no special abilities


You were on level 1 of the Dungeon.
You visited 1 branch of the dungeon, and saw 1 of its levels.

You collected 23 gold pieces.

Inventory:

Hand Weapons
 a - a +0 flail (weapon)
Armour
 b - a +0 scale mail (worn)
 c - a +0 kite shield (worn)
Scrolls
 e - a scroll of enchant armour {unknown}
Potions
 d - a potion of might


   Skills:
 + Level 3.3 Fighting
 * Level 2.0 Maces & Flails
 + Level 3.3 Armour
 + Level 3.3 Shields


You couldn't memorise any spells.
You didn't know any spells.
Your spell library was empty.

Dungeon Overview and Level Annotations

Branches:
Dungeon (1/15)

Altars:


Innate Abilities, Weirdness & Mutations

You are immune to sickness and miasma.
Your stone body is resilient. (AC +2)
You are immune to poison.
You resist negative energy. (rN+)
You are resistant to electric shocks. (rElec)
You are resistant to unholy torment.
You are immune to petrification.


Message History

The slug dart hits you.
You see here a silvery potion.
A kobold comes into view. It is wielding a +0 dagger.
The kobold shouts!
A quokka comes into view.
The goblin hits you with a +0 club.
You closely miss the goblin. You block the goblin's attack.
The goblin closely misses you.
You closely miss the goblin. You block the goblin's attack.
You closely miss the goblin. You block the goblin's attack.
The kobold hits you with a +0 dagger. You block the goblin's attack.
The kobold hits you but does no damage.
You thump the goblin!
You kill the goblin!
You block the kobold's attack. The quokka completely misses you.
You hit the quokka.
The quokka is lightly wounded.
You block the kobold's attack. The quokka barely misses you.
The kobold hits you but does no damage.
You barely miss the quokka.
The quokka is lightly wounded.
The quokka bites you but does no damage.
The kobold hits you with a +0 dagger.
* * * LOW HITPOINT WARNING * * *
The quokka bites you.
* * * LOW HITPOINT WARNING * * *
You sock the quokka!
You kill the quokka!
You block the kobold's attack. The kobold hits you but does no damage.
You block the dart slug's attack. You block the kobold's attack.
You see here a +0 club.
You hit the kobold.
You kill the kobold!
You block the dart slug's attack.
You barely miss the dart slug. The dart slug barely misses you.
You hit the dart slug.
The dart slug is heavily wounded.
The dart slug bites you.
You die...

#... .... #..## #
#...###.# .. ....... .
#.... #. #..# #.. #@)# #
#####..##..##w.#.#
...............#.##.#
............!......# .
.....##..##..##.... #.#
#...........##...#
##.####.......##........
........................
.......................#


You could see a dart slug.

Vanquished Creatures
  A goblin (D:1)
  A kobold (D:1)
  A quokka (D:1)
3 creatures vanquished.

Notes
Turn   | Place    | Note
-------+----------+-------------------------------------------
     0 | D:1      | a11behringer the Gargoyle Fighter began the quest for the
                  | Orb.
     0 | D:1      | Reached XP level 1. HP: 14/14 MP: 1/1
    69 | D:1      | Slain by a dart slug

Illustrated notes

Levels and vault maps discovered:
D:1:      psy_arrival_whirlpool, layout_basic, minmay_pentomino_t4

Action                   || total
-------------------------++-------
Melee: Flail             ||    10
Armor: Scale mail        ||     4
Dodge: Dodged            ||     4
Block: Kite shield       ||    10
